 Dungeon Crawl Stone Soup version 0.30.1-4-g462c640d31 (webtiles) character file.

Game seed: 12597783443868422408

282 arthad the Trooper (level 6, 0/33 HPs)
             Began as a Vine Stalker Fighter on Aug 27, 2023.
             Succumbed to a scorpion's poison
             ... on level 4 of the Dungeon.
             The game lasted 00:04:16 (2417 turns).

arthad the Trooper (Vine Stalker Fighter)           Turns: 2417, Time: 00:04:17

Health: 0/33       AC:  9    Str: 20    XL:     6   Next: 28%
Magic:  0/7        EV:  9    Int:  8    God:
Gold:   92         SH:  5    Dex: 14    Spells: 5/5 levels left

rFire   . . .        a - +0 war axe
rCold   . . .        c - +0 buckler
rNeg    + + .        b - +0 scale mail
rPois   .            r - +0 helmet
rElec   .            (no cloak)
rCorr   .            s - +0 pair of gloves
SInv    .            (no boots)
Will    .....        (no amulet) Stlth
                     g - ring of positive energy
HPRegen 1.05/turn    h - ring of positive energy
MPRegen 0.10/turn

%: guardian spirit
@: lethally poisoned (0 -> -2), hasted, very quick
A: fangs 2, regeneration 1, magic shield, antimagic bite, no potion heal 2
a: no special abilities


You were on level 4 of the Dungeon.
You visited 1 branch of the dungeon, and saw 4 of its levels.

You collected 122 gold pieces.
You spent 30 gold pieces at shops.

Inventory:

Hand Weapons
 a - a +0 war axe (weapon)
Missiles
 o - 4 boomerangs (quivered)
Armour
 b - a +0 scale mail (worn)
 c - a +0 buckler (worn)
 r - a +0 helmet (worn)
 s - a +0 pair of gloves (worn)
Jewellery
 g - a ring of positive energy (left hand)
 h - a ring of positive energy (right hand)
Wands
 d - a wand of flame (21)
Scrolls
 e - 6 scrolls of identify {unknown}
 k - a scroll of fear {unknown}
 n - a scroll of fog {unknown}
 p - a scroll of poison {unknown}
 v - a scroll of immolation {unknown}
 w - 2 scrolls of blinking {unknown}
 x - a scroll of torment {unknown}
 y - a scroll of teleportation {unknown}
Potions
 f - a potion of lignification {unknown}
 i - 2 potions of attraction {unknown}
 j - a potion of ambrosia {unknown}
 l - a potion of haste
 m - 2 potions of degeneration {unknown}
 q - a potion of flight {unknown}
 t - a potion of brilliance {unknown}
 u - a potion of curing {unknown}


   Skills:
 + Level 3.8 Fighting
 + Level 3.3 Axes
 + Level 3.5 Armour
 + Level 3.7 Shields


You had 5 spell levels left.
You didn't know any spells.
Your spell library contained the following spells:

 Spells                   Type           Power      Damage    Failure   Level
 Magic Dart               Conj           0%         1d3       83%         1
 Call Imp                 Summ           0%         N/A       92%         2
 Ensorcelled Hibernation  Hex/Ice        0%         N/A       92%         2
 Mephitic Cloud           Conj/Pois/Air  0%         N/A       99%         3
 Spider Form              Tmut/Pois      0%         N/A       99%         3
 Anguish                  Hex/Necr       0%         N/A       100%        4
 Blade Hands              Tmut           0%         N/A       100%        5
 Irradiate                Conj/Tmut      0%         3d11      100%        5
 Dragon Form              Tmut           0%         N/A       100%        7
 Malign Gateway           Summ/Tloc      0%         N/A       100%        7
 Summon Horrible Things   Summ           0%         N/A       100%        8


Dungeon Overview and Level Annotations

Branches:
Dungeon (4/15)
 Temple: D:4-7

Altars:
Cheibriados
Nemelex Xobeh

Shops:
D:2 **[*


Innate Abilities, Weirdness & Mutations

You have extremely sharp teeth.
Your natural rate of healing is unusually fast.
When hurt, damage is shared between your health and your magic reserves.
Your bite disrupts and absorbs the magic of your enemies.
Potions cannot restore your health.


Message History

The iguana bites you.
* * * LOW HITPOINT WARNING * * *
You are too injured to fight recklessly!
You are too injured to fight recklessly!
You are too injured to fight recklessly!
You are too injured to fight recklessly!
You are too injured to fight recklessly!
You are too injured to fight recklessly!
You are too injured to fight recklessly!
You are too injured to fight recklessly!
You are too injured to fight recklessly!
Okay, then.
You feel very sick. The scorpion barely misses you.
The scorpion stings you but does no damage.
You block the goblin's attack. The iguana attacks as you move away!
You block the iguana's attack.
You feel sick.
You feel sick. The goblin hits you but does no damage.
You feel sick.
Okay, then.
The scorpion attacks as you move away! The scorpion stings you.
* * * LOW HITPOINT WARNING * * *
You feel sick. The scorpion attacks as you move away! The scorpion stings you.
You feel sick. The scorpion closely misses you.
You feel sick. The scorpion attacks as you move away!
You block the scorpion's attack.
You feel sick.
You are no longer poisoned.
The scorpion attacks as you move away! The scorpion completely misses you.
The scorpion attacks as you move away! The scorpion stings you.
You are lethally poisoned!
The scorpion poisons you!
* * * LOW HITPOINT WARNING * * *
You feel very sick. The scorpion stings you.
* * * LOW HITPOINT WARNING * * *
It was a potion of haste.
You feel yourself speed up.
You die...

##. ###..##.## ##.#..# #
#####..###..#####.####.##..#
#.....)....## ##....##...##
.....#..### #.....#....# # ...
#.## #..........## ## ...####.###
#............###. ..........##
#............#...
...........######.....####.<....#
..##..........ss@...### #......#
##.......g.l##..## ##......
#.......#### ..# ##.##..
##.....## #.# #..#### #.....# ..
#..# # #...#.## #.# #.## #......#
.# #. ##.†.#.# .. ..#### #...#..#
......


You could see 2 scorpions, an iguana and a goblin.

Vanquished Creatures
  A scorpion (D:4)
  A gnoll bouda (D:4)
  Terence (D:3)
  Robin (D:2)
  3 gnolls (D:4)
  3 adders
  A white imp (D:3)
  A worm (D:2)
  4 dart slugs
  2 orcs
  6 ball pythons
  5 bats
  7 endoplasms
  3 giant cockroaches
  13 goblins
  12 hobgoblins
  2 jackals (D:4)
  7 kobolds
  6 quokkas
  2 frilled lizards (D:2)
  3 rats (D:3)
84 creatures vanquished.

Notes
Turn   | Place    | Note
-------+----------+-------------------------------------------
     0 | D:1      | arthad the Vine Stalker Fighter began the quest for the
                  | Orb.
     0 | D:1      | Reached XP level 1. HP: 11/11 MP: 2/2
    66 | D:1      | Reached XP level 2. HP: 11/16 MP: 3/3
   376 | D:1      | Reached XP level 3. HP: 19/20 MP: 2/4
   403 | D:1      | Found a faded altar of an unknown god.
   961 | D:2      | Found Repobeek's Assorted Antiques.
   967 | D:2      | Bought a puce potion for 15 gold pieces
   967 | D:2      | Bought a fuming grey potion for 15 gold pieces
   981 | D:2      | Found Suhol's Armour Shoppe.
   991 | D:2      | Gained mutation: Your natural rate of healing is unusually
                  | fast. [Vine Stalker growth]
   991 | D:2      | Reached XP level 4. HP: 19/24 MP: 5/5
  1033 | D:2      | Found Hetail's General Store.
  1056 | D:2      | Noticed Robin
  1086 | D:2      | Found Halarche's General Store.
  1258 | D:2      | Killed Robin
  1660 | D:3      | Reached XP level 5. HP: 17/28 MP: 3/6
  1738 | D:3      | Found a snail-covered altar of Cheibriados.
  1766 | D:3      | Noticed Terence
  1781 | D:3      | Killed Terence
  1879 | D:3      | Found a sparkling altar of Nemelex Xobeh.
  2287 | D:4      | Reached XP level 6. HP: 33/33 MP: 5/7
  2410 | D:4      | HP: 1/33 [scorpion (2)]
  2416 | D:4      | HP: 1/33 [scorpion (1)]
  2417 | D:4      | Succumbed to a scorpion's poison

Illustrated notes

Levels and vault maps discovered:
D:1:      elethiomel_arrival_infinity_welcomes_careful_drivers,
          layout_loops_ring, hellmonk_ecumenical_altar_heavens_door
D:2:      layout_rooms, serial_shops, shop, nicolae_shop_pleasant_corner_grove,
          shop, nicolae_shop_trees, uniq_robin
D:3:      layout_basic, mainiacjoe_overflow_brackets, nemelex_altar_shiori,
          kennysheep_generic_room_13, uniq_terence
D:4:      layout_layer_cave, mainiacjoe_overflow_surrounded_room,
          kennysheep_mini, minmay_bent

Skill      XL: |  1  2  3  4  5 |
---------------+----------------+-----
Axes           | 2 3 |  3.3
Fighting       | 3 |  3.8
Shields        | 3 |  3.7
Armour         | 3 |  3.5

Action                     |  1- 3 |  4- 6 || total
---------------------------+-------+-------++-------
  Melee: War axe           |    69 |   116 ||   185
         Bite              |    23 |    29 ||    52
    Use: Potion            |       |     2 ||     2
 Armour: Scale mail        |    23 |    69 ||    92
  Dodge: Dodged            |    30 |    75 ||   105
  Block: Buckler           |     9 |    37 ||    46
